 Seeded DCSS version 0.30-a0-672-gc3a7216ad8 (webtiles) character file.

Game seed: 10617039283874685323 (custom seed)

2165 Juicyj the Basher (level 9, 0/118 HPs)
             Began as a Minotaur Fighter on Jan 18, 2023.
             Slain by a killer bee (4 damage)
             ... on level 7 of the Dungeon.
             The game lasted 00:13:59 (5283 turns).

Juicyj the Basher (Minotaur Fighter)                Turns: 5283, Time: 00:13:59

Health: 0/118      AC:  8    Str: 29    XL:     9   Next: 10%
Magic:  8/8        EV: 12    Int:  5    God:
Gold:   248        SH:  6    Dex: 15    Spells: 8/8 levels left

rFire   + + .      SeeInvis .    p - +1 hammer "Cidarehora" {heavy, Fragile rElec rF+}
rCold   . . .      Faith    .    c - +0 buckler
rNeg    . . .      Spirit   .    b - +1 scale mail
rPois   +          Reflect  .    (helmet restricted)
rElec   +          Harm     .    (no cloak)
rCorr   .          Rampage  .    (no gloves)
Will    .....      NoCast   +    (no boots) Stlth
                                 j - amulet "Piot" {-Cast rF+ Regen+ Dex+3}
HPRegen 1.19/turn                l - ring of poison resistance
MPRegen 0.11/turn                m - +6 ring of strength

@: berserking, very quick
A: horns 2, retaliatory headbutt
a: no special abilities


You were on level 7 of the Dungeon.
You visited 1 branch of the dungeon, and saw 7 of its levels.

You collected 248 gold pieces.

Inventory:

Hand Weapons
 a - a +0 flail
 p - the +1 hammer "Cidarehora" (weapon) {heavy, Fragile rElec rF+}
   (You found it on level 2 of the Dungeon)

   rF:        It protects you from fire.
   rElec:     It insulates you from electricity.
   Fragile:   It will be destroyed if unequipped.
Armour
 b - a +1 scale mail (worn)
 c - a +0 buckler (worn)
Jewellery
 j - the amulet "Piot" (around neck) {-Cast rF+ Regen+ Dex+3}
   (You acquired it on level 7 of the Dungeon)

   [amulet of regeneration]

   Dex:       It affects your dexterity (+3).
   rF:        It protects you from fire.
   -Cast:     It prevents spellcasting.
   Regen:     It increases your rate of health regeneration.
 l - a ring of poison resistance (left hand)
 m - a +6 ring of strength (right hand)
Wands
 o - a wand of iceblast (6)
 w - a wand of mindburst (8)
 y - a wand of digging (5)
Scrolls
 f - 4 scrolls of fear {unknown}
 g - 2 scrolls of teleportation {unknown}
 h - 5 scrolls of identify {unknown}
 k - a scroll of blinking
 r - a scroll of acquirement
 t - 3 scrolls of vulnerability {unknown}
Potions
 d - a potion of might
 e - 2 potions of resistance {unknown}
 i - 4 potions of flight {unknown}
 n - a potion of ambrosia {unknown}
 s - a potion of brilliance {unknown}
 u - 2 potions of attraction {unknown}
 x - a potion of berserk rage
 A - a potion of mutation {unknown}


   Skills:
 + Level 7.1 Fighting
 * Level 8.5 Maces & Flails
 + Level 7.0 Armour
 + Level 4.6 Dodging
 + Level 7.1 Shields


You had 8 spell levels left.
You didn't know any spells.
Your spell library contained the following spells:

 Spells                   Type           Power      Damage    Failure   Level
 Beastly Appendage        Tmut           0%         N/A       78%         1
 Ensorcelled Hibernation  Hex/Ice        0%         N/A       89%         2
 Passwall                 Tmut/Erth      0%         N/A       89%         2
 Wereblood                Tmut           0%         N/A       89%         2
 Ozocubu's Armour         Ice            0%         N/A       98%         3
 Spider Form              Tmut/Pois      0%         N/A       98%         3
 Swiftness                Air            0%         N/A       98%         3
 Anguish                  Hex/Necr       0%         N/A       100%        4
 Summon Ice Beast         Ice/Summ       0%         N/A       100%        4
 Summon Mana Viper        Hex/Summ       0%         N/A       100%        5
 Monstrous Menagerie      Summ           0%         N/A       100%        7
 Ozocubu's Refrigeration  Ice            0%         4d7       100%        7


Dungeon Overview and Level Annotations

Branches:
Dungeon (7/15)             Temple (0/1) D:7

Altars:


Innate Abilities, Weirdness & Mutations

You have a pair of horns on your head.
You reflexively headbutt those who attack you in melee.


Message History

The killer bee attacks as you move away!
The killer bee barely misses you.
The killer bee attacks as you move away!
You block the killer bee's attack.
You feel sick. The killer bee stings you.
* * * LOW HITPOINT WARNING * * *
The killer bee barely misses you.
You feel sick. You block the killer bee's attack. The killer bee stings you.
* * * LOW HITPOINT WARNING * * *
The killer bee stings you.
* * * LOW HITPOINT WARNING * * *
The killer bee attacks as you move away!
You block the killer bee's attack.
The killer bee attacks as you move away!
The killer bee stings you.
* * * LOW HITPOINT WARNING * * *
You feel sick.
The killer bee stings you but does no damage.
You barely miss the killer bee. Your headbutt misses the killer bee.
You feel sick. The killer bee barely misses you. You furiously retaliate!
You headbutt the killer bee! The killer bee misses you.
You furiously retaliate!
You headbutt the killer bee. The killer bee barely misses you.
You furiously retaliate!
You headbutt the killer bee!
You kill the killer bee!
You barely miss the killer bee. You headbutt the killer bee.
The killer bee is moderately wounded.
You feel sick.
You are no longer poisoned.
You block the killer bee's attack. The killer bee misses you.
You furiously retaliate!
You headbutt the killer bee. The killer bee stings you!
* * * LOW HITPOINT WARNING * * *
It was a potion of berserk rage.
A red film seems to cover your vision as you go berserk!
You feel yourself moving faster!
You feel mighty! The killer bee misses you. x2
You barely miss the killer bee.
The killer bee is moderately wounded.
The killer bee stings you but does no damage.
The killer bee stings you.
You die...

*,* *,**,,,,,******,* *,,,,
*,*******,********,,,,,,######..,
,,,,,,,,*,* *,***###!...#.#,
,,,,,,,,*,###**###,* #........#,
,,,,,,,,*,#..,,..#,*###........#,
,,,,,,,,,,..#**#.#,*#..........#,
,,,,,,,,**#.# #.#,*#.#........#,
,,,,,,,,* #.# #.#,*#.#........#,
,,,,,,,,* #.# #@#,##.##.......#,
*,***,#####.####y#.##.##.)†....#,
*,,,,,#............##.#####.##.#,
******#.###.##.....##.# #.##,#,
** *,* #.#########.# #.<#,*, ,***
*,* #.# #.# #..#,*, ,,,* *,*
#y#########.# #..#,** ,,,###*,*
#...........# #..#,* *,,....,*
#.###########***#..#,**


You could see a killer bee.

Vanquished Creatures
  Grinder (D:6)
  Duvessa (D:6)
  2 ice beasts
  2 orc warriors
  A centaur (D:5)
  A phantom (D:5)
  A necrophage (D:5)
  A bullfrog (D:7)
  2 scorpions
  Dowan (D:6)
  6 killer bees
  4 hounds (D:5)
  Crazy Yiuf (D:2)
  A gnoll bouda (D:6)
  An orc priest (D:6)
  A jelly (D:5)
  4 iguanas
  6 orc wizards
  7 gnolls
  10 adders
  3 white imps
  An ufetubus (D:5)
  A worm (D:2)
  A dart slug (D:4)
  13 orcs
  10 ball pythons
  3 endoplasms
  6 giant cockroaches
  9 goblins
  4 hobgoblins
  7 jackals
  2 quokkas (D:2)
  4 bats
  2 frilled lizards (D:1)
  9 kobolds
  6 rats
135 creatures vanquished.

Notes
Turn   | Place    | Note
-------+----------+-------------------------------------------
     0 | D:1      | Juicyj the Minotaur Fighter began the quest for the Orb.
     0 | D:1      | Reached XP level 1. HP: 19/19 MP: 0/0
    98 | D:1      | Reached XP level 2. HP: 27/27 MP: 1/1
   403 | D:1      | Reached skill level 3 in Maces & Flails
   483 | D:1      | Reached XP level 3. HP: 13/33 MP: 2/2
   963 | D:2      | Found a runed translucent door.
   963 | D:2      | Identified the +1 hammer "Cidarehora" {heavy, Fragile rElec
                  | rF+}
   966 | D:2      | Noticed Crazy Yiuf
   997 | D:2      | Reached XP level 4. HP: 38/41 MP: 3/3
  1413 | D:2      | Paralysed by Crazy Yiuf for 4 turns
  1416 | D:2      | Killed Crazy Yiuf
  1417 | D:2      | Reached XP level 5. HP: 21/47 MP: 4/4
  2079 | D:4      | Reached skill level 4 in Maces & Flails
  2311 | D:4      | Reached skill level 5 in Fighting
  2311 | D:4      | Reached skill level 1 in Dodging
  2372 | D:4      | Reached skill level 5 in Shields
  2372 | D:4      | Reached XP level 6. HP: 56/56 MP: 5/5
  2507 | D:4      | Reached skill level 5 in Armour
  2795 | D:5      | Entered Level 5 of the Dungeon
  2892 | D:5      | Reached skill level 5 in Maces & Flails
  3179 | D:5      | Reached XP level 7. HP: 39/61 MP: 6/6
  3413 | D:5      | Reached skill level 6 in Maces & Flails
  3824 | D:5      | Reached XP level 8. HP: 49/70 MP: 7/7
  4210 | D:6      | Reached skill level 7 in Maces & Flails
  4484 | D:6      | Noticed Dowan
  4495 | D:6      | Noticed Duvessa
  4498 | D:6      | Killed Dowan
  4505 | D:6      | Killed Duvessa
  4824 | D:6      | Noticed Grinder
  4826 | D:6      | Paralysed by Grinder for 5 turns
  4835 | D:6      | Killed Grinder
  4836 | D:6      | Reached skill level 8 in Maces & Flails
  5177 | D:7      | Identified 2 scrolls of acquirement
  5177 | D:7      | Acquired the amulet "Piot" {-Cast rF+ Regen+ Dex+3}
  5258 | D:7      | Reached XP level 9. HP: 46/79 MP: 8/8
  5281 | D:7      | HP: 1/79 [killer bee (8)]
  5283 | D:7      | Slain by a killer bee

Illustrated notes

Levels and vault maps discovered:
D:1:      lightli_arrival_maybe_door_vault, layout_loops_cross
D:2:      minmay_diamond_boxcup, layout_basic, uniq_crazy_yiuf_cottage
D:3:      layout_rooms
D:4:      layout_loops_ring
D:5:      minmay_chambers_of_fours, layout_loops_ring
D:6:      layout_loops_cross, minivault_25, uniq_duvessa, uniq_grinder
D:7:      layout_basic, mainiacjoe_overflow_big_doors, temple_hall,
          minmay_quadrilaterals, uniq_maggie

Skill      XL: |  1  2  3  4  5  6  7  8  9 |
---------------+----------------------------+-----
Fighting       | 4 5 6 7 |  7.1
Armour         | 4 5 6 7 |  7.0
Shields        | 4 5 6 7 |  7.1
Maces & Flails | 3 4 5 6 8 |  8.5
Dodging        | 1 2 3 4 |  4.6

Action                   |  1- 3 |  4- 6 |  7- 9 || total
-------------------------+-------+-------+-------++-------
Melee: Flail             |    60 |       |       ||    60
       Headbutt          |     8 |    10 |    19 ||    37
       Mace              |     3 |   113 |   117 ||   233
Evoke: Wand              |       |       |     4 ||     4
  Use: Scroll            |       |       |     4 ||     4
       Potion            |       |       |     3 ||     3
Armor: Scale mail        |    31 |    83 |    66 ||   180
Dodge: Dodged            |    28 |    82 |    82 ||   192
Block: Buckler           |    11 |    31 |    43 ||    85

Table legend: (Time is in decaauts)
 A = Elapsed time spent in this place.
 B = Non-inter-level travel time spent in this place.
 C = Inter-level travel time spent in this place.
 D = Time resting spent in this place.
 E = Time spent auto-exploring this place.
 F = Levels seen in this place.
 G = Mean time per level.
                   A        B        C        D        E       F      G
               +--------+--------+--------+--------+--------+-----+--------+
         Total |   5459 |   5352 |    107 |    759 |   3734 |   7 |  779.9 |
       Dungeon |   5459 |   5352 |    107 |    759 |   3734 |   7 |  779.9 |
               +--------+--------+--------+--------+--------+-----+--------+

Top non-repeatable levels by time:
     D:5: 1409 daAuts
     D:6: 1028 daAuts
     D:2: 994 daAuts
     D:4: 825 daAuts
     D:1: 711 daAuts
     D:3: 354 daAuts
     D:7: 135 daAuts
